 Dungeon Crawl Stone Soup version 0.26.0-10-g1f06aea511 (webtiles) character file.

Game seed: 16059906102438809372

186 MisterFreud the Stinger (level 5, -4/31 HPs)
             Began as an Octopode Venom Mage on Jan 29, 2021.
             Was an Initiate of Cheibriados.
             Slain by Sigmund
             ... wielding a +0 scythe
              (14 damage)
             ... on level 4 of the Dungeon.
             The game lasted 00:06:10 (4669 turns).

MisterFreud the Stinger (Octopode Venom Mage)       Turns: 4669, Time: 00:06:11

Health: -4/31      AC:  1    Str:  8    XL:     5   Next: 66%
Magic:  8/8        EV: 15    Int: 26    God:    Cheibriados [......]
Gold:   148        SH:  0    Dex: 13    Spells: 7/8 levels left

rFire    . . .     SeeInvis .   i - +0 falchion
rCold    . . .     Faith    .   (no shield)
rNeg     + . .     Spirit   .   (helmet restricted)
rPois    .         Reflect  .   (no amulet)
rElec    .         Harm     .   h - ring of positive energy
rCorr    .         Rampage  .   a - +6 ring of intelligence
Will     .....                  (no ring)
Stlth    +++.......             (no ring)
HPRegen  0.10/turn              (no ring)
MPRegen  0.11/turn              (no ring)
                                (no ring)
                                (no ring)

@: very slow
A: almost no armour, stealthy swim, amphibious, 8 rings, constrict 8, camouflage
1, gelatinous body 1
a: Renounce Religion, Bend Time


You were on level 4 of the Dungeon.
You worshipped Cheibriados.
Cheibriados was noncommittal.
You visited 1 branch of the dungeon, and saw 4 of its levels.

You collected 148 gold pieces.

Inventory:

Hand Weapons
 i - a +0 falchion (weapon)
Missiles
 l - 21 poisoned darts
Jewellery
 a - a +6 ring of intelligence (right tentacle)
 h - a ring of positive energy (left tentacle)
Scrolls
 b - a scroll of random uselessness {unknown}
 d - a scroll of immolation {unknown}
 e - 2 scrolls of amnesia {unknown}
 f - 2 scrolls of identify {unknown}
 g - a scroll of remove curse
 n - a scroll of teleportation
Potions
 c - a potion of heal wounds {unknown}
 j - a potion of haste {unknown}
 k - a potion of degeneration {unknown}
 m - a potion of lignification {unknown}
 o - a potion of resistance {unknown}


   Skills:
 + Level 4.9 Dodging
 - Level 2.6 Stealth
 - Level 2.0 Spellcasting
 - Level 1.0 Transmutations
 - Level 5.0 Poison Magic


You had 7 spell levels left.
You knew the following spells:

 Your Spells              Type           Power        Failure   Level
a - Sting                 Tmut/Pois      72%          3%          1

Your spell library contained the following spells:

 Spells                   Type           Power        Failure   Level
 Poisonous Vapours        Pois/Air       30%          5%          2
 Olgreb's Toxic Radiance  Pois           28%          13%         4
 Ignite Poison            Fire/Tmut/Pois 13%          14%         3
 Mephitic Cloud           Conj/Pois/Air  11%          16%         3


Dungeon Overview and Level Annotations

Branches:
Dungeon (4/15)
 Temple: D:4-7

Altars:
Cheibriados
Dithmenos
Elyvilon
Makhleb
Ru
Sif Muna

Annotations:
D:4 Sigmund


Innate Abilities, Weirdness & Mutations

You cannot wear most types of armour.
You are very stealthy in the water. (Stealth+)
You are amphibious.
You can wear up to eight rings at the same time.
You can use your tentacles to constrict eight enemies at once.
Your skin changes colour to match your surroundings (Stealth+).
Your rubbery body absorbs attacks. (AC +1, EV +1)


Message History

You hear some strange, mumbled words.
Something tries to affect you, but you resist.
Casting: Sting (safe; 3% risk of failure)
Confirm with . or Enter, or press ? or * to list all spells.
You can't see any susceptible monsters within range! (Use Z to cast anyway.) Unknown command.
You are confused.
You bump into the rock wall.
You're too confused to move!
Something hits you!
You bump into the rock wall.
You bump into the rock wall.
You hear some strange, mumbled words.
A puff of flame appears from out of thin air!
The puff of flame hits you!
* * * LOW HITPOINT WARNING * * *
You feel less confused.
You hear some strange, mumbled words.
Something tries to affect you, but you resist.
Something hits you!
You die...

### ... ... #.#
#.# #.# #.# #@#
########.######.#
.........<......#
#######.#########
#.# #.# #.# #.#
#.#


There were no monsters in sight!

Vanquished Creatures
  Robin (D:3)
  8 adders
  2 oozes (D:2)
  2 worms (D:2)
  A dart slug (D:3)
  4 leopard geckos
  4 orcs (D:3)
  8 bats
  4 giant cockroaches
  16 goblins
  8 hobgoblins
  A jackal (D:1)
  A quokka (D:2)
  2 frilled lizards
  11 kobolds
  8 rats
81 creatures vanquished.

Notes
Turn   | Place    | Note
-------+----------+-------------------------------------------
     0 | D:1      | MisterFreud the Octopode Venom Mage began the quest for the
                  | Orb.
     0 | D:1      | Reached XP level 1. HP: 11/11 MP: 3/3
   152 | D:1      | Reached skill level 4 in Poison Magic
   328 | D:1      | Reached XP level 2. HP: 17/17 MP: 1/5
   634 | D:1      | Reached XP level 3. HP: 12/21 MP: 6/6
  1033 | D:1      | Reached skill level 5 in Poison Magic
  1999 | D:2      | Reached XP level 4. HP: 23/27 MP: 7/7
  2817 | D:2      | Found a shimmering blue altar of Sif Muna.
  2817 | D:2      | Found a shadowy altar of Dithmenos.
  2879 | D:2      | Found a faded altar of an unknown god.
  3111 | D:2      | Became a worshipper of Elyvilon the Healer
  3111 | D:2      | Reached * piety under Elyvilon
  3160 | D:3      | Found a burning altar of Makhleb.
  3161 | D:3      | Noticed an Executioner
  3462 | D:3      | Reached XP level 5. HP: 31/31 MP: 4/8
  3564 | D:3      | Found a snail-covered altar of Cheibriados.
  3592 | D:3      | Fell from the grace of Elyvilon
  3592 | D:3      | Became a worshipper of Cheibriados the Contemplative
  3703 | D:3      | Found a sacrificial altar of Ru.
  4260 | D:3      | Noticed Robin
  4278 | D:3      | Killed Robin
  4285 | D:3      | Reached * piety under Cheibriados
  4647 | D:4      | Noticed Sigmund
  4669 | D:4      | Slain by Sigmund

Illustrated notes

Levels and vault maps discovered:
D:1:      dpeg_cavernosity, layout_loops_ring
D:2:      layout_basic, amethyst_overflow_temple_binary,
          chequers_ecumenical_altar_simple
D:3:      layout_basic, kennysheep_slug_shrine, makhleb_altar_promises_db,
          nicolae_ru_sacrificial_ziggurat, uniq_robin
D:4:      layout_basic, uniq_sigmund, uniq_crazy_yiuf_cottage

Skill      XL: |  1  2  3  4 |
---------------+-------------+-----
Poison Magic   | 4 5 |  5.0
Dodging        | 3 4 |  4.9
Stealth        | |  2.6
Spellcasting   | |  2.0
Transmutations | |  1.0

Action                   |  1- 3 |  4- 6 || total
-------------------------+-------+-------++-------
Melee: Mace              |    31 |       ||    31
       Tentacles         |    10 |     9 ||    19
       Constrict         |    17 |    12 ||    29
       Short sword       |    25 |    46 ||    71
       Falchion          |       |    16 ||    16
       Unarmed           |       |     7 ||     7
 Cast: Sting             |    19 |    37 ||    56
  Use: Scroll            |     2 |     1 ||     3
 Stab: Sleeping          |     4 |     4 ||     8
Armor: Skin              |     8 |     4 ||    12
Dodge: Dodged            |    39 |    50 ||    89
       Rpst.: Falchion   |       |     6 ||     6
